 Dungeon Crawl Stone Soup version 0.28.0-53-g5a82cb258f (webtiles) character file.

Game seed: 8858522734220143834

221 lunaticedit the Skirmisher (level 5, -4/47 HPs)
             Began as a Draconian Berserker on July 30, 2022.
             Was a Believer of Trog.
             Slain by an ogre
             ... wielding a +0 giant spiked club
              (30 damage)
             ... on level 4 of the Dungeon.
             The game lasted 00:04:42 (2993 turns).

lunaticedit the Skirmisher (Draconian Berserker)    Turns: 2993, Time: 00:04:43

Health: -4/47      AC:  5    Str: 19    XL:     5   Next: 65%
Magic:  5/5        EV: 13    Int:  8    God:    Trog [**....]
Gold:   119        SH:  0    Dex: 12    Spells: 4/4 levels left

rFire   . . .      SeeInvis .   d - +2 whip (vamp)
rCold   . . .      Faith    .   (no shield)
rNeg    . . .      Spirit   .   (armour unavailable)
rPois   .          Reflect  .   (helmet restricted)
rElec   .          Harm     .   (no cloak)
rCorr   .          Rampage  .   (no gloves)
Will    .....                   (no boots)
Stlth   ++........              (no amulet)
HPRegen 0.15/turn               (no ring)
MPRegen 0.09/turn               (no ring)

@: no status effects
A: AC +5, unfitting armour, cold-blooded
a: Renounce Religion, Berserk, Trog's Hand


You were on level 4 of the Dungeon.
You worshipped Trog.
Trog was pleased with you.
You visited 1 branch of the dungeon, and saw 4 of its levels.

You collected 119 gold pieces.

Inventory:

Hand Weapons
 d - a +2 vampiric whip (weapon)
Wands
 i - a wand of flame (17)
Scrolls
 k - a scroll of enchant armour
Potions
 a - 2 potions of degeneration {unknown}
 c - a potion of lignification {unknown}
 e - 2 potions of curing {unknown}
 f - 2 potions of mutation {unknown}
 g - a potion of attraction {unknown}
 j - 3 potions of flight


   Skills:
 + Level 4.3 Fighting
 + Level 1.0 Short Blades
 + Level 0.9 Maces & Flails
 + Level 4.0 Polearms
 + Level 4.2 Dodging
 + Level 1.0 Stealth


You had 4 spell levels left.
You didn't know any spells.
Your spell library was empty.

Dungeon Overview and Level Annotations

Branches:
Dungeon (4/15)
 Temple: D:4-7

Altars:
Hepliaklqana
Kikubaaqudgha
Okawaru
The Shining One


Innate Abilities, Weirdness & Mutations

Your plain brown scales are hard. (AC +5)
You cannot fit into any form of body armour.
You are cold-blooded and may be slowed by cold attacks.


Message History

The ball python constricts you.
You hit the ball python but do no damage.
Your tail-slap misses the ball python.
The ball python barely misses you. The ball python constricts you.
You closely miss the ball python. The ball python barely misses you.
The ball python constricts you.
You hit the ball python.
You kill the ball python!
Trog accepts your kill.
No target in view!
HP restored.
An ogre comes into view. It is wielding a +0 giant spiked club.
An ogre is nearby!
An ogre is nearby!
The ogre shouts!
You hit the ogre.
The ogre is moderately wounded.
The ogre misses you.
You hit the ogre.
Your tail-slap misses the ogre.
The ogre is moderately wounded.
The ogre closely misses you.
You hit the ogre but do no damage.
The ogre is moderately wounded.
You barely miss the ogre.
The ogre is moderately wounded.
The ogre misses you.
You hit the ogre.
The ogre is moderately wounded.
The ogre misses you.
You barely miss the ogre.
The ogre is moderately wounded.
The ogre barely misses you.
You hit the ogre.
The ogre is moderately wounded.
The ogre hits you with a +0 giant spiked club!!
You hit the ogre.
You feel better.
The ogre is moderately wounded.
The ogre hits you with a +0 giant spiked club!!
Ouch! That really hurt!
You die...

......... ....... #
...... .# #.#..# ...
. ##.#..#.... #.
#......... #..
#.....# #####.#
#..@O.#..
.......###..........
#........#.##......
#........#.# ......
#........#.# ...##
#........#.# ...#
#........#.# ..#
######.###.# ..#
#..##.#


You could see an ogre.

Vanquished Creatures
  A vampire bat (D:3)
  7 adders
  5 gnolls
  2 worms (D:2)
  A dart slug (D:3)
  An orc (D:3)
  2 bat skeletons (D:3)
  3 bat zombies (D:3)
  6 endoplasms
  2 giant cockroaches
  A goblin (D:3)
  2 hobgoblins
  4 jackals (D:3)
  2 quokkas (D:1)
  5 ball pythons
  3 bats
  7 frilled lizards
  7 kobolds
  6 rats
67 creatures vanquished.

Notes
Turn   | Place    | Note
-------+----------+-------------------------------------------
     0 | D:1      | lunaticedit the Draconian Berserker began the quest for the
                  | Orb.
     0 | D:1      | Reached XP level 1. HP: 19/19 MP: 1/1
   247 | D:1      | Reached XP level 2. HP: 22/26 MP: 2/2
   722 | D:2      | Reached ** piety under Trog
   723 | D:2      | Reached XP level 3. HP: 23/33 MP: 3/3
  1129 | D:2      | Reached XP level 4. HP: 26/40 MP: 4/4
  2002 | D:3      | Found an iron altar of Okawaru.
  2080 | D:3      | Found a hazy altar of Hepliaklqana.
  2343 | D:3      | Found a faded altar of an unknown god.
  2415 | D:3      | Reached XP level 5. HP: 42/46 MP: 5/5
  2601 | D:3      | Found an ancient bone altar of Kikubaaqudgha.
  2630 | D:3      | Reached skill level 1 in Short Blades
  2630 | D:3      | Reached skill level 1 in Stealth
  2865 | D:3      | Found a glowing golden altar of the Shining One.
  2982 | D:4      | Noticed an ogre
  2993 | D:4      | Slain by an ogre

Illustrated notes

Levels and vault maps discovered:
D:1:      amcnicky_arrival_underground_garden, layout_rooms
D:2:      minmay_alternating_diamond, layout_basic
D:3:      layout_basic, nicolae_tso_carved_into_rock,
          nicolae_hepliaklqana_hazy_memory, kennysheep_vampire_church,
          okawaru_trees_2, hellmonk_ecumenical_altar_run_dry,
          kennysheep_nondescript, st_stairs_9
D:4:      layout_basic, xom_teletrap_fun, chequers_serial_rivers_large_b,
          st_stairs_8, uniq_menkaure, uniq_pikel

Skill      XL: |  1  2  3  4  5 |
---------------+----------------+-----
Dodging        | 3 4 |  4.2
Fighting       | 4 |  4.3
Polearms       | 4 |  4.0
Short Blades   | 1 |  1.0
Stealth        | 1 |  1.0
Maces & Flails | |  0.9

Action                   |  1- 3 |  4- 6 || total
-------------------------+-------+-------++-------
Melee: Spear             |    26 |       ||    26
       Tailslap          |    16 |    22 ||    38
       Dagger            |    74 |    59 ||   133
       Punch             |     3 |     3 ||     6
       Whip              |       |    98 ||    98
Invok: Berserk           |     2 |       ||     2
  Use: Scroll            |     2 |     3 ||     5
Armor: Skin              |    30 |    54 ||    84
Dodge: Dodged            |    68 |   146 ||   214
